 Dungeon Crawl Stone Soup version 0.25.1-2-g60ff931df9 (webtiles) character file.

Game seed: 7298932203760993964

1509 ew1980 the Cleaver (level 8, -1/71 HPs)
             Began as a Minotaur Fighter on Oct 27, 2020.
             Was a Believer of Okawaru.
             Shot with an arrow by a centaur (6 damage)
             ... on level 7 of the Dungeon.
             The game lasted 00:10:22 (5942 turns).

ew1980 the Cleaver (Minotaur Fighter)               Turns: 5942, Time: 00:10:22

Health: -1/71      AC: 12    Str: 22    XL:     8   Next: 53%
Magic:  0/8        EV:  6    Int:  5    God:    Okawaru [**....]
Gold:   254        SH: 10    Dex: 11    Spells: 7/7 levels left

rFire    . . .     SeeInvis .   a - +0 war axe
rCold    . . .     Gourm    .   c - +0 kite shield
rNeg     . . .     Faith    .   j - +0 chain mail
rPois    .         Spirit   +   (helmet restricted)
rElec    .         Reflect  .   E - +0 cloak (curse)
rCorr    .         Harm     .   z - +0 pair of gloves
MR       .....                  (no boots)
Stlth    ..........             e - amulet of guardian spirit
HPRegen  0.21/turn              (no ring)
MPRegen  0.11/turn              (no ring)

@: no status effects
A: retaliatory headbutt, horns 2
a: Heroism, Renounce Religion


You were on level 7 of the Dungeon.
You worshipped Okawaru.
Okawaru was pleased with you.
You were hungry.

You visited 2 branches of the dungeon, and saw 8 of its levels.

You collected 254 gold pieces.

Inventory:

Hand Weapons
 a - a +0 war axe (weapon)
 o - a +0 flail
Missiles
 b - 4 boomerangs
 q - 26 poisoned darts (quivered)
 w - 2 throwing nets
Armour
 c - a +0 kite shield (worn)
 j - a +0 chain mail (worn)
 z - a +0 pair of gloves (worn)
 E - a cursed +0 cloak (worn)
Jewellery
 e - an amulet of guardian spirit (around neck)
 h - a cursed -4 ring of intelligence {unknown}
 p - an uncursed ring of fire {unknown}
Wands
 r - a wand of iceblast (5)
Scrolls
 i - a scroll of random uselessness {unknown}
 l - a scroll of identify
 t - a scroll of immolation {unknown}
 v - a scroll of amnesia {unknown}
 y - a scroll of remove curse {unknown}
 C - 2 scrolls of teleportation {unknown}
 F - a scroll of magic mapping {unknown}
 G - 4 scrolls of enchant armour {unknown}
Potions
 d - a potion of might
 g - 2 potions of heal wounds
 k - a potion of degeneration {unknown}
 m - a potion of mutation {unknown}
 n - 2 potions of flight
 s - a potion of resistance
 u - 2 potions of magic
 A - a potion of curing {unknown}
 B - a potion of haste {unknown}
 D - a potion of stabbing {unknown}
Comestibles
 f - 12 rations


   Skills:
 + Level 6.6 Fighting
 * Level 8.2 Axes
 + Level 6.5 Armour
 + Level 6.5 Shields
 + Level 2.3 Invocations


You had 7 spell levels left.
You didn't know any spells.
Your spell library was empty.

Dungeon Overview and Level Annotations

Branches:
Dungeon (7/15)             Temple (1/1) D:4

Altars:
Ashenzari
Cheibriados
Dithmenos
Fedhas
Gozag
Kikubaaqudgha
Makhleb
Nemelex Xobeh
Okawaru
Ru
Sif Muna
Uskayaw
Vehumet
Xom
Zin
The Shining One

Shops:
D:6 %


Innate Abilities, Weirdness & Mutations

You reflexively headbutt those who attack you in melee.
You have a pair of horns on your head.


Message History

You hear a splash.
The electric eel shoots out a bolt of lightning at you!
The bolt of electricity hits you.
You closely miss the electric eel. Your headbutt misses the electric eel.
The electric eel is almost dead.
You closely miss the adder. The adder bites you but does no damage.
The centaur shoots an arrow.
The arrow hits you.
You hear a splash.
The electric eel shoots out a bolt of lightning at you!
The bolt of electricity hits you. The bolt of electricity hits you!
* * * LOW HITPOINT WARNING * * *
The dart slug launches a dart at you.
The slug dart hits you but does no damage.
The electric eel shoots out a bolt of lightning at you!
The bolt of electricity hits you!
* * * LOW HITPOINT WARNING * * *
You block the adder's attack.
The centaur shoots an arrow.
You block the arrow.
You hear a splash.
The centaur shoots an arrow.
The arrow hits you!
You die...

... #.###. ###
.. ......# ?..
..#.......
#.##≈≈.≈≈#..#
#.≈≈≈≈c#w.##
##≈#≈≈≈≈≈≈≈≈≈#
#.#≈≈≈≈≈.[≈≈≈≈≈≈
#.≈≈≈##@..≈≈≈≈≈
#w≈≈≈≈(S.≈≈≈≈≈≈
#≈≈#≈#;≈≈.≈≈≈≈≈≈
≈≈≈≈(%..≈≈#≈≈
.≈≈≈≈≈;)<.≈≈# ≈
.≈≈≈≈#≈≈8.8≈≈≈≈
.≈≈≈≈≈≈≈≈$≈≈≈≈≈≈
.#≈≈≈≈≈≈≈.#≈#≈≈≈
#?≈≈≈≈(≈..≈≈≈≈#


You could see a centaur, 2 electric eels, an adder and 2 dart slugs.

Vanquished Creatures
  Sigmund (D:3)
  Eustachio (D:5)
  An orc warrior (D:6)
  An ice beast (D:6)
  A sky beast (D:5)
  A scorpion (D:6)
  A howler monkey (D:4)
  6 crimson imps
  3 orc priests
  A bullfrog skeleton (D:4)
  2 jellies
  3 orc wizards
  3 worker ants
  8 adders
  9 gnolls
  A howler monkey skeleton (D:4)
  2 oozes
  An adder skeleton (D:5)
  2 adder zombies
  4 worms
  3 dart slugs
  11 orcs
  A ball python (D:4)
  4 giant cockroaches
  11 goblins
  5 hobgoblins
  8 jackals
  6 kobolds
  2 quokkas
  6 bats
  7 frilled lizards
  A quokka skeleton (D:5)
  14 rats
131 creatures vanquished.

Notes
Turn   | Place    | Note
-------+----------+-------------------------------------------
     0 | D:1      | ew1980 the Minotaur Fighter began the quest for the Orb.
     0 | D:1      | Reached XP level 1. HP: 19/19 MP: 0/0
   157 | D:1      | Reached XP level 2. HP: 25/27 MP: 1/1
   184 | D:1      | Reached skill level 3 in Axes
   541 | D:1      | Reached XP level 3. HP: 33/33 MP: 2/2
  1556 | D:2      | Reached XP level 4. HP: 32/40 MP: 3/3
  1626 | D:2      | Reached skill level 4 in Axes
  2026 | D:2      | Found a shimmering blue altar of Sif Muna.
  2040 | D:2      | Found a faded altar of an unknown god.
  2539 | D:3      | Reached XP level 5. HP: 47/47 MP: 4/4
  2893 | D:3      | Found a snail-covered altar of Cheibriados.
  3116 | D:3      | Noticed Sigmund
  3135 | D:3      | Killed Sigmund
  3135 | D:3      | Reached skill level 5 in Fighting
  3135 | D:3      | Reached skill level 5 in Axes
  3135 | D:3      | Reached skill level 5 in Armour
  3135 | D:3      | Reached skill level 5 in Shields
  3135 | D:3      | Reached XP level 6. HP: 26/56 MP: 5/5
  3416 | D:4      | Found a sacrificial altar of Ru.
  3515 | D:4      | Found a staircase to the Ecumenical Temple.
  3530 | Temple   | Entered the Ecumenical Temple
  3742 | Temple   | Became a worshipper of Warmaster Okawaru
  3835 | D:4      | Reached skill level 6 in Axes
  4038 | D:4      | Found a shimmering altar of Xom.
  4048 | D:4      | Reached XP level 7. HP: 60/61 MP: 6/6
  4207 | D:5      | Entered Level 5 of the Dungeon
  4488 | D:5      | Reached * piety under Okawaru
  4536 | D:5      | Reached skill level 7 in Axes
  4668 | D:5      | Noticed Eustachio
  4688 | D:5      | Killed Eustachio
  4688 | D:5      | Reached skill level 1 in Invocations
  4688 | D:5      | Reached XP level 8. HP: 69/70 MP: 7/7
  5151 | D:6      | Found Peix's Food Boutique.
  5297 | D:6      | Reached ** piety under Okawaru
  5381 | D:6      | Reached skill level 8 in Axes
  5442 | D:6      | Found a burning altar of Makhleb.
  5942 | D:7      | Shot with an arrow by a centaur

Illustrated notes

Levels and vault maps discovered:
D:1:      dpeg_arrival_boxes_within_box, layout_basic
D:2:      layout_loops_ring, lemuel_doored_altar,
          chequers_ecumenical_altar_simple_redux
D:3:      layout_rooms, kennysheep_slug_shrine, chequers_mini_garden,
          uniq_sigmund
D:4:      layout_rooms, nicolae_ru_great_annihilating_truth, led_xom_imps,
          minmay_temple_entry_waves, first_ration
D:5:      layout_loops_ring, uniq_eustachio
D:6:      layout_gridville, old_standard_altar, serial_shops, shop_statue,
          lightli_minifort
D:7:      kennysheep_slugbush, layout_loops_corners,
          gammafunk_temple_overflow_arena, kennysheep_little_box,
          kennysheep_mini, grunt_livestock
Temple:   minmay_temple_curvy_loop

Skill      XL: |  1  2  3  4  5  6  7  8 |
---------------+-------------------------+-----
Axes           | 3 4 5 6 7 8 |  8.2
Fighting       | 4 5 6 |  6.6
Shields        | 4 5 6 |  6.5
Armour         | 4 5 6 |  6.5
Invocations    | 1 2 |  2.3

Action                   |  1- 3 |  4- 6 |  7- 9 || total
-------------------------+-------+-------+-------++-------
Melee: War axe           |   132 |   138 |   158 ||   428
       Headbutt          |    10 |    27 |    24 ||    61
  Use: Scroll            |       |       |     4 ||     4
 Stab: Paralysed         |       |     1 |       ||     1
  Eat: Chunk             |     2 |     8 |     6 ||    16
Armor: Scale mail        |    58 |       |       ||    58
       Chain mail        |    35 |    68 |    96 ||   199
Dodge: Dodged            |    48 |    32 |    28 ||   108
Block: Kite shield       |    90 |    71 |    74 ||   235
